cohdb
Replays
Latest Replays
All Replays
Popular Replays
Top Player Replays
Match Explorer
How It Works
Community
CoH3 Stats
Reddit
Sign in to upload your games and track your stats! →
Sign in with Steam
Match 40949319
Unlisted
Match 40949319
Overview
Messages
Build Orders
End
Panzergrenadier Squad
250 Light Carrier
Selects Armored Support Battlegroup
Panzergrenadier Squad
Construct Light Support Kompanie
Combat Half-tracks
Construct Mechanized Kompanie
Assault Mechanized Group
Selects Veteran Gunners
Selects Vehicle Awareness
8 Rad Armored Car
Support Armor Elements
Assault Grenadier Squad
Marder III Tank Destroyer
Pak 38 Anti-tank Gun Team
StuG III D Assault Gun
Vehicle Awareness
Rapid Advance
A_Smoove
TylerB
0
0
Comments
sign in to comment!
No comments posted yet!